Map: Abyssal Reef LE

Players

iPlayDefense - Winner!

  • Race: Terran Terran
  • League: Silver
  • Spawn Location: 11:00

Nemix

  • Race: Terran Terran
  • League: Platinum
  • Spawn Location: 5:00

VOD

Have the link to the VOD?

Description

Time

  • Played on: April 14, 2025, 9 a.m.
  • Length: 1:15
Show
View Real Time Build Order
Export as new Build Order

iPlayDefense Terran - Winner!

Build Orders:  

Get SALT Encoding   

  12  0:00  SCV  
  13  0:15  Supply Depot  
  13  0:17  SCV  
  14  0:29  SCV  
  15  0:41  Barracks  
  15  0:42  SCV  
  16  0:54  SCV  
  17  1:00  Refinery  
Show
View Real Time Build Order
Export as new Build Order

Nemix Terran 

Build Orders:  

Get SALT Encoding   

  12  0:00  SCV  
  13  0:13  SCV  
  14  0:22  Supply Depot  
  14  0:25  SCV  
  15  0:30  Refinery  
  15  0:43  SCV  
  16  0:51  Barracks  
  16  0:55  SCV  
  17  0:58  Refinery  
Tags
 
Matchup
TvT
Race
Terran
Replay Pack
DaveSC2
Spawn Locations
Cross Positions
Add a new tag
Caveats
  • Supply blocks, unpowered buildings, or Contaminate may cause inaccurate times.
  • Supply counts are checked every 10 seconds.